 Dungeon Crawl Stone Soup version 0.29-a0-885-gb26ba3297d (webtiles) character file.

Game seed: 12924215912793696471

16622 gobodom the Thaumaturge (level 12, -4/83 HPs)
             Began as a Demonspawn Fire Elementalist on July 20, 2022.
             Was an Elder of Ignis.
             Slain by a large slime creature (32 damage)
             ... on level 12 of the Dungeon.
             The game lasted 00:53:01 (12073 turns).

gobodom the Thaumaturge (DsFE)                     Turns: 12073, Time: 00:53:02

Health: -4/83      AC: 19    Str:  8    XL:     12   Next: 11%
Magic:  21/24      EV: 21    Int: 26    God:    Ignis [****..]
Gold:   1115       SH:  0    Dex: 18    Spells: 21/28 levels left

rFire   + . .      SeeInvis .   B - +4 dagger "Morg" {pain, Will+ Int+5}
rCold   . . .      Faith    .   (no shield)
rNeg    . . .      Spirit   .   A - +1 troll leather armour
rPois   .          Reflect  .   E - +0 helmet
rElec   .          Harm     .   q - +0 cloak
rCorr   .          Rampage  .   f - +2 pair of gloves
Will    +....                   (no boots)
Stlth   ++........              n - amulet of Foaj {RegenMP Dex+3}
HPRegen 4.03/turn               G - +4 ring of evasion
MPRegen 0.59/turn               Y - +4 ring of evasion

@: fiery-armoured (expiring), slowed, very slow
A: powered by death 2, spiny 2, demonic touch 2
a: Renounce Religion, Fiery Armour, Foxfire Swarm, Rising Flame


You were on level 12 of the Dungeon.
You worshipped Ignis.
Ignis was greatly pleased with you.
You visited 1 branch of the dungeon, and saw 13 of its levels.
You also visited: Sewer.

You collected 1115 gold pieces.

Inventory:

Hand Weapons
 B - the +4 dagger "Morg" (weapon) {pain, Will+ Int+5}
   (You found it on level 3 of the Dungeon)

   In the hands of one skilled in necromantic magic, it inflicts extra damage on
   living creatures.
   Int:       It affects your intelligence (+5).
   Will:      It increases your willpower.
 I - the +3 war axe "Dean" {freeze, rCorr Int+4 Dex+4}
   (You found it on level 11 of the Dungeon)

   It freezes those it strikes, dealing additional cold damage.
   It can also slow down cold-blooded creatures.
   Int:       It affects your intelligence (+4).
   Dex:       It affects your dexterity (+4).
   rCorr:     It protects you from acid and corrosion.
 T - a +3 vampiric short sword
Missiles
 S - 3 curare-tipped darts
Armour
 c - a +3 plate armour of poison resistance
 f - a +2 pair of gloves (worn)
 q - a +0 cloak (worn)
 A - a +1 troll leather armour (worn)
 E - a +0 helmet (worn)
 R - +0 acid dragon scales
 X - a +0 ring mail of poison resistance
Magical Staves
 a - a staff of fire
Jewellery
 n - the amulet of Foaj (around neck) {RegenMP Dex+3}
   (You acquired it on level 10 of the Dungeon)

   [amulet of magic regeneration]

   It increases your rate of magic regeneration.
   Dex:       It affects your dexterity (+3).
 p - a ring of poison resistance
 w - a +6 ring of strength
 x - a ring of willpower
 G - a +4 ring of evasion (left hand)
 L - a ring of willpower
 N - a +6 ring of intelligence
 O - a ring of flight
 Y - a +4 ring of evasion (right hand)
Wands
 y - a wand of flame (22)
 D - a wand of polymorph (8)
 P - a wand of charming (15)
Scrolls
 d - a scroll of torment
 e - 2 scrolls of magic mapping
 h - 2 scrolls of enchant weapon
 o - 3 scrolls of teleportation
 r - 2 scrolls of fear
 v - 2 scrolls of enchant armour
 C - a scroll of butterflies
 F - a scroll of poison
 K - a scroll of noise
 M - a scroll of brand weapon {unknown}
 V - a scroll of vulnerability {unknown}
Potions
 b - 2 potions of magic
 i - 2 potions of curing
 j - 2 potions of brilliance {unknown}
 k - a potion of lignification
 l - 3 potions of berserk rage
 m - 5 potions of attraction
 s - a potion of invisibility
 t - 3 potions of haste
 u - 2 potions of might {unknown}
 z - a potion of flight
 H - a potion of resistance
 J - 2 potions of ambrosia
 U - a potion of mutation {unknown}
 Z - a potion of heal wounds
Miscellaneous
 W - a box of beasts


   Skills:
 + Level 4.3 Fighting
 + Level 6.3 Short Blades
 + Level 1.0 Maces & Flails
 + Level 7.3 Armour
 + Level 3.9 Dodging
 + Level 2.3 Stealth
 + Level 0.4 Unarmed Combat
 + Level 8.7 Spellcasting
 + Level 7.8 Conjurations
 + Level 4.0 Necromancy
 + Level 8.2 Fire Magic
 + Level 3.9 Evocations


You had 21 spell levels left.
You knew the following spells:

 Your Spells              Type           Power      Damage    Failure   Level
a - Foxfire               Conj/Fire      100%       2x1d9     1%          1
b - Scorch                Fire           100%       2d10      1%          2
c - Flame Wave            Conj/Fire      52%        2d11      2%          4

Your spell library contained the following spells:

 Spells                   Type           Power      Damage    Failure   Level
 Necrotise                Necr           100%       1d9       1%          1
 Conjure Flame            Conj/Fire      52%        6-21      1%          3
 Inner Flame              Hex/Fire       32%        N/A       4%          3
 Stone Arrow              Conj/Erth      62%        3d10      4%          3
 Vampiric Draining        Necr           32%        2d8       4%          3
 Sandblast                Erth           22%        2d7       7%          1
 Slow                     Hex            44%        N/A       7%          1
 Ensorcelled Hibernation  Hex/Ice        22%        N/A       11%         2
 Passwall                 Tmut/Erth      9%         N/A       11%         2
 Poisonous Vapours        Pois/Air       22%        N/A       11%         2
 Dispel Undead            Necr           32%        3d14      14%         4
 Confusing Touch          Hex            11%        N/A       22%         3
 Swiftness                Air            11%        N/A       22%         3
 Agony                    Necr           32%        N/A       36%         5
 Corpse Rot               Necr/Pois/Air  18%        N/A       38%         4
 Animate Armour           Summ/Erth      22%        N/A       56%         4
 Petrify                  Tmut/Erth      11%        N/A       56%         4
 Blade Hands              Tmut           5%         N/A       89%         5
 Metabolic Englaciation   Hex/Ice        5%         N/A       89%         5
 Yara's Violent Unravell  Hex/Tmut       5%         3d4       89%         5
 Death Channel            Necr           16%        N/A       91%         6
 Iron Shot                Conj/Erth      15%        9d4       91%         6
 Statue Form              Tmut/Erth      7%         N/A       100%        6
 Enfeeble                 Hex            5%         N/A       100%        7


Dungeon Overview and Level Annotations

Branches:
Dungeon (13/15)            Temple (0/1) D:7            Lair (0/5) D:9
  Sewer (visited)
    Orc: D:9-12      Vaults: D:13-14

Altars:
Dithmenos
Fedhas
Hepliaklqana
Nemelex Xobeh
Uskayaw
Wu Jian
Yredelemnul
Ignis

Shops:
D:1 [


Innate Abilities, Weirdness & Mutations

You regenerate health from kills.
You are mostly covered in sharp spines.
Your touch may inflict irresistible damage on your foes.


Message History

Ouch! That really hurt!
* * * LOW HITPOINT WARNING * * *
The enormous slime creature is burned by your cloak of flames.
The enormous slime creature is severely wounded.
You feel better.
An enormous slime creature splits.
Casting: Flame Wave (dangerous; 2% risk of failure)
Confirm with . or Enter, or press ? or * to list all spells.
Flames lash the large slime creature.
The large slime creature is severely wounded.
The large slime creature's fire resistance burns away.
The large slime creature is struck by your spines.
The large slime creature hits you!!
* * * LOW HITPOINT WARNING * * *
The large slime creature is burned by your cloak of flames.
The large slime creature is severely wounded.
The large slime creature completely misses you.
Aiming: Polymorph
Press: ? - help, Q - select action, (/) - cycle Shift-Dir - straight line, f - large slime creature
Aim: a large slime creature (severely wounded, will probably split, will become a sea snake, a manticore, or a torpor snail, chance to affect: 41%)
A large slime creature splits.
The slime creature evaporates and reforms as a torpor snail!
The slime creature evaporates and reforms as a sea snake!
The sea snake completely misses you.
The large slime creature is struck by your spines.
The large slime creature barely misses you.
Aiming: Polymorph
Press: ? - help, Q - select action, (/) - cycle Shift-Dir - straight line, f - large slime creature, p - sea snake
Aim: a large slime creature (severely wounded, more vulnerable to fire, will probably split, will become a sea snake, a manticore, or a torpor snail, chance to affect: 41%)
The large slime creature resists with some effort.
The torpor snail bites you.
* * * LOW HITPOINT WARNING * * *
Being near the torpor snail leaves you feeling lethargic.
The sea snake closely misses you.
The large slime creature is struck by your spines.
The large slime creature completely misses you.
You feel better.
The large slime creature is no longer more vulnerable to fire.
The sea snake is struck by your spines. The sea snake completely misses you.
The torpor snail closely misses you. The large slime creature hits you!!
You die...

..........................
..........................
...........(..............
...............(..........
..........................
......)[(.................
......|)).................
)..)...)#SJ...............
..##...)#@w...............
#.)).#.)....#######....
..o...#))..### #....
...)....#>..## #....
....O...##### ##...
........# #... ........#
####


You could see a sea snake, a large slime creature and a torpor snail.

Vanquished Creatures
  Snorg (D:12)
  2 boulder beetles
  A two-headed ogre (D:10)
  Lodul (D:12)
  Pikel (D:5)
  A manticore (D:12)
  3 cyclopes
  Maurice (D:11)
  2 gargoyles
  2 kobold demonologists (D:11)
  3 unseen horrors (D:11)
  A freezing wraith (D:13)
  2 komodo dragons
  The ghost of peter4 the Digger, a novice GrEE of Cheibriados (D:5)
  A troll (D:11)
  Grinder (D:5)
  Prince Ribbit (D:8)
  2 slime creatures (D:12)
  Sigmund (D:5)
  A vampire (D:12)
  5 shadows
  A wyvern (D:10)
  A wraith (D:9)
  5 yaks (D:10)
  3 vampire mosquitoes (D:12)
  Menkaure (D:5)
  2 acid dragons
  5 orc warriors
  A black bear (D:5)
  2 ice beasts (D:7)
  A sky beast (D:7)
  Pargi (Sewer)
  2 centaurs
  9 ogres
  2 lemures (D:5)
  5 kobold brigands
  4 bullfrogs
  2 necrophages (D:6)
  2 scorpions (D:4)
  2 wights (D:9)
  3 killer bees (D:10)
  3 howler monkeys
  3 hounds
  2 jellies (D:6)
  5 orc priests
  3 gnoll boudas (D:7)
  Ijyb (D:3)
  Terence (D:3)
  15 orc wizards
  Natasha (thrice) (D:3)
  4 iguanas
  A spectral hound (D:3)
  A hound zombie (D:3)
  7 adders
  3 gnolls (D:7)
  A howler monkey skeleton (D:3)
  A river rat (D:3)
  A white imp (D:8)
  An ufetubus (D:3)
  An adder zombie (D:3)
  An adder skeleton (D:3)
  5 worms
  4 dart slugs
  44 orcs
  8 ball pythons
  10 endoplasms
  5 giant cockroaches
  6 goblins
  5 hobgoblins
  9 jackals
  25 kobolds
  3 quokkas
  7 bats
  6 frilled lizards
  A quokka skeleton (D:3)
  5 rats
289 creatures vanquished.

Vanquished Creatures (collateral kills)
  An ugly thing (D:12)
1 creature vanquished.

Vanquished Creatures (others)
  289 foxfires
  A plant (D:9)
  10 withered plants (D:3)
300 creatures vanquished.

Grand Total: 590 creatures vanquished

Notes
Turn   | Place    | Note
-------+----------+-------------------------------------------
     0 | D:1      | gobodom the Demonspawn Fire Elementalist began the quest
                  | for the Orb.
     0 | D:1      | Reached XP level 1. HP: 13/13 MP: 3/3
   154 | D:1      | Found Zoetz's Armour Emporium.
   224 | D:1      | Gained mutation: You regenerate a little health from kills.
                  | [demonic ancestry]
   224 | D:1      | Reached XP level 2. HP: 17/19 MP: 0/5
  1078 | D:2      | Gained mutation: You are partially covered in sharp spines.
                  | [demonic ancestry]
  1078 | D:2      | Reached XP level 3. HP: 22/25 MP: 6/6
  1172 | D:2      | Reached skill level 1 in Fighting
  1396 | D:2      | Reached skill level 1 in Short Blades
  1739 | D:2      | Found a faded altar of an unknown god.
  1854 | D:2      | Reached XP level 4. HP: 32/32 MP: 7/7
  2307 | D:2      | Prayed at the altar of an unknown god.
  2307 | D:2      | Became a worshipper of Ignis, the Dying Flame
  2334 | D:3      | Reached skill level 1 in Armour
  2391 | D:3      | Found a glowing drain.
  2421 | Sewer    | Entered a sewer
  2736 | Sewer    | Noticed Pargi
  2746 | Sewer    | Killed Pargi
  2747 | Sewer    | Gained mutation: Your touch may inflict minor irresistible
                  | damage on your foes. [demonic ancestry]
  2747 | Sewer    | Reached XP level 5. HP: 21/37 MP: 8/8
  2922 | D:3      | Found an ornate altar of the Wu Jian Council.
  2980 | D:3      | Noticed Terence
  2982 | D:3      | Found a hide-covered altar of Uskayaw.
  2985 | D:3      | Killed Terence
  3004 | D:3      | Gained mutation: Your touch may inflict irresistible damage
                  | on your foes. [demonic ancestry]
  3004 | D:3      | Reached XP level 6. HP: 44/44 MP: 9/9
  3264 | D:3      | Found a hazy altar of Hepliaklqana.
  3363 | D:3      | Noticed Ijyb
  3374 | D:3      | Killed Ijyb
  3389 | D:3      | Noticed Natasha
  3390 | D:3      | Found the +4 dagger "Morg" {pain, Will+ Int+5}
  3396 | D:3      | Killed Natasha
  3444 | D:3      | Noticed Natasha
  3452 | D:3      | Killed Natasha
  3548 | D:3      | Noticed Natasha
  3552 | D:3      | Killed Natasha
  3822 | D:4      | Found a sparkling altar of Nemelex Xobeh.
  3954 | D:4      | Gained mutation: You are mostly covered in sharp spines.
                  | [demonic ancestry]
  3954 | D:4      | Reached XP level 7. HP: 50/50 MP: 11/11
  3999 | D:4      | Found a shadowy altar of Dithmenos.
  4486 | D:5      | Entered Level 5 of the Dungeon
  4495 | D:5      | Reached skill level 1 in Necromancy
  4495 | D:5      | Reached skill level 1 in Evocations
  4502 | D:5      | Reached skill level 1 in Maces & Flails
  4703 | D:5      | Noticed Grinder
  4733 | D:5      | Noticed Sigmund
  4735 | D:5      | Killed Grinder
  4736 | D:5      | Reached XP level 8. HP: 46/56 MP: 11/13
  4836 | D:5      | Noticed Menkaure
  4849 | D:5      | Killed Menkaure
  4859 | D:5      | Noticed Pikel
  5001 | D:5      | Killed Pikel
  5058 | D:5      | Found a transporter.
  5063 | D:5      | Found a transporter.
  5063 | D:5      | Noticed peter4's ghost (novice GrEE)
  5225 | D:5      | Killed Sigmund
  5404 | D:5      | Reached XP level 9. HP: 43/62 MP: 15/15
  5412 | D:5      | Killed peter4's ghost
  5718 | D:6      | Reached skill level 5 in Short Blades
  6540 | D:7      | Found a staircase to the Ecumenical Temple.
  6820 | D:7      | Found a basalt altar of Yredelemnul.
  6901 | D:7      | Reached skill level 5 in Armour
  7383 | D:8      | Reached skill level 5 in Conjurations
  7594 | D:8      | Noticed Prince Ribbit
  7601 | D:8      | Killed Prince Ribbit
  7602 | D:8      | Reached skill level 5 in Spellcasting
  7602 | D:8      | Reached skill level 5 in Fire Magic
  7730 | D:8      | Found a blossoming altar of Fedhas.
  7960 | D:9      | Reached XP level 10. HP: 64/70 MP: 17/17
  8078 | D:9      | Found a staircase to the Lair.
  8665 | D:10     | Entered Level 10 of the Dungeon
  8684 | D:10     | Identified a scroll of acquirement
  8983 | D:10     | Acquired the amulet of Foaj {RegenMP Dex+3}
  9162 | D:10     | Noticed a two-headed ogre
  9174 | D:10     | Killed a two-headed ogre
  9476 | D:10     | Noticed a gargoyle
  9491 | D:10     | Killed a gargoyle
  9773 | D:11     | Noticed a gargoyle
  9779 | D:11     | Killed a gargoyle
  9869 | D:11     | Noticed Maurice
  9876 | D:11     | Killed Maurice
  9877 | D:11     | Reached XP level 11. HP: 76/76 MP: 21/21
 10749 | D:11     | Noticed a boulder beetle
 10766 | D:11     | Killed a boulder beetle
 10810 | D:11     | Found a shadowy altar of Dithmenos.
 10825 | D:11     | Identified the +3 war axe "Dean" {freeze, rCorr Int+4
                  | Dex+4}
 11463 | D:11     | Noticed a soul eater
 11635 | D:12     | Noticed a boulder beetle
 11641 | D:12     | HP: 3/77 [boulder beetle (41)]
 11694 | D:12     | Noticed a deep elf pyromancer
 11695 | D:12     | a deep elf pyromancer changed into a komodo dragon
 11698 | D:12     | Noticed a cyan ugly thing
 11707 | D:12     | Killed a cyan ugly thing
 11744 | D:12     | Learned a level 2 spell: Scorch
 11749 | D:12     | Learned a level 4 spell: Flame Wave
 11856 | D:12     | Noticed Lodul
 11884 | D:12     | Noticed a boulder beetle
 11886 | D:12     | Killed Lodul
 11966 | D:12     | Killed a boulder beetle
 11969 | D:12     | Noticed Snorg
 11976 | D:12     | Killed Snorg
 11977 | D:12     | Gained mutation: You regenerate health from kills. [demonic
                  | ancestry]
 11977 | D:12     | Reached XP level 12. HP: 19/83 MP: 4/24
 12073 | D:12     | Slain by a large slime creature

Illustrated notes

Levels and vault maps discovered:
D:1:      ncdulo_watergridlock, layout_rooms, serial_shops, shop_coins,
          nrook_mini_vaults
D:2:      minmay_razor_zed, layout_basic, hellmonk_ecumenical_altar_blasted
D:3:      layout_rooms, lemuel_tele_altar,
          mainiacjoe_overflow_concentric_impassable,
          mainiacjoe_overflow_brackets, cheibrodos_sewer_entry_sluice,
          dilly_guarded_unrand_morg, uniq_ijyb, uniq_terence, uniq_natasha
D:4:      layout_basic, mainiacjoe_overflow_chevrons, overflow_temple_1_default,
          hangedman_decor_opposing
D:5:      layout_cave_pools, gammafunk_ghost_arena, uniq_pikel, uniq_sigmund,
          uniq_grinder, uniq_menkaure
D:6:      layout_basic
D:7:      minmay_inner_zag, layout_basic, lemuel_coloured_pillars_altar,
          minmay_temple_entry_grid, chequers_serial_rivers_micro_a
D:8:      layout_loops_ring, amcnicky_altar_gilded, uniq_prince_ribbit1
D:9:      layout_basic, zin_statuary, david_lair_shrubbed
D:10:     layout_rooms, mainiacjoe_overflow_alcove_1
D:11:     layout_long_grid, nicolae_dithmenos_the_darkroom, uniq_maurice
D:12:     layout_cross, erik_orc_4, portal_ice_cave_entry_pillars_2, uniq_snorg,
          uniq_lodul
D:13:     layout_long_grid, grunt_vaults_entry_tiered, uniq_jorgrun,
          uniq_josephine

Skill      XL: |  1  2  3  4  5  6  7  8  9 10 11 |
---------------+----------------------------------+-----
Dodging        | 2 3 |  3.9
Fighting       | 1 2 3 4 |  4.3
Short Blades   | 1 2 3 4 5 6 |  6.3
Armour         | 2 3 4 5 6 7 |  7.3
Stealth        | 2 |  2.3
Fire Magic     | 3 4 5 6 8 |  8.2
Conjurations   | 2 3 4 5 6 7 |  7.8
Spellcasting   | 3 4 5 7 8 |  8.7
Necromancy     | 2 3 4 |  4.0
Evocations     | 1 2 3 |  3.9
Maces & Flails | 1 |  1.0
Unarmed Combat | |  0.4

Action                   |  1- 3 |  4- 6 |  7- 9 | 10-12 || total
-------------------------+-------+-------+-------+-------++-------
Melee: Unarmed           |    22 |       |       |       ||    22
       Dagger            |   172 |    50 |   263 |   236 ||   721
       Punch             |     1 |     1 |     5 |     6 ||    13
       Rapier            |       |    76 |       |       ||    76
       Touch             |       |    20 |    45 |    53 ||   118
       Club              |       |    11 |       |       ||    11
 Cast: Foxfire           |    11 |       |     4 |   136 ||   151
       Scorch            |       |       |       |    15 ||    15
       Flame Wave        |       |       |       |     6 ||     6
Invok: Foxfire Swarm     |       |       |       |     2 ||     2
       Fiery Armour      |       |       |       |     1 ||     1
Evoke: Wand              |       |       |     9 |     9 ||    18
  Use: Scroll            |       |       |     9 |    16 ||    25
       Potion            |       |       |     1 |     8 ||     9
Armor: Robe              |     5 |       |       |       ||     5
       Plate armour      |   217 |   108 |   143 |    84 ||   552
       Acid dragon scale |       |       |       |     9 ||     9
       Troll leather arm |       |       |       |    26 ||    26
Dodge: Dodged            |    31 |    15 |    31 |   197 ||   274

Table legend: (Time is in decaauts)
 A = Elapsed time spent in this place.
 B = Non-inter-level travel time spent in this place.
 C = Inter-level travel time spent in this place.
 D = Time resting spent in this place.
 E = Time spent auto-exploring this place.
 F = Levels seen in this place.
 G = Mean time per level.
                   A        B        C        D        E       F      G
               +--------+--------+--------+--------+--------+-----+--------+
         Total |  11957 |  11579 |    378 |   1366 |   7450 |  14 |  854.1 |
       Dungeon |  11485 |  11107 |    378 |   1175 |   7257 |  13 |  883.5 |
         Sewer |    472 |    472 |      0 |    191 |    193 |   1 |  472.0 |
               +--------+--------+--------+--------+--------+-----+--------+

Top non-repeatable levels by time:
    D:11: 1840 daAuts
     D:2: 1305 daAuts
    D:10: 1088 daAuts
     D:1: 1010 daAuts
     D:4: 911 daAuts
     D:7: 885 daAuts
     D:5: 870 daAuts
     D:3: 842 daAuts
     D:6: 804 daAuts
     D:8: 780 daAuts
     D:9: 720 daAuts
   Sewer: 472 daAuts
    D:12: 309 daAuts
    D:13: 116 daAuts
